 Dungeon Crawl Stone Soup version 0.17.1-3-g152610e (webtiles) character file.

1225 sveltemanboy the Chopper (level 8, -15/58 HPs)
             Began as a Demonspawn Monk on Apr 14, 2016.
             Was an Elder of Okawaru.
             Demolished by an ogre
             ... wielding a +0 giant club
              (23 damage)
             ... on level 6 of the Dungeon.
             The game lasted 00:13:05 (5059 turns).

sveltemanboy the Chopper (Demonspawn Monk)          Turns: 5059, Time: 00:13:05

Health: -15/58     AC: 11    Str: 13    XL:     8   Next: 23%
Magic:  9/9        EV: 11    Int: 18    God:    Okawaru [****..]
Gold:   398        SH:  0    Dex: 15    Spells: 0 memorised, 7 levels left

rFire  . . .     SeeInvis +     f - +4 hand axe (chop)
rCold  . . .     Clarity  .     a - +0 ring mail
rNeg   . . .     SustAt   .     (no shield)
rPois  .         Gourm    .     (no helmet)
rElec  .         Spirit   .     (no cloak)
rCorr  .         Warding  .     (no gloves)
rMut   .         Stasis   .     D - +1 pair of boots
MR     .....                    c - amulet of faith
Stlth  +++.......               (no ring)
                                v - ring of see invisible

@: brilliant, not resistant to hostile enchantments, fairly stealthy
A: talons 1, molten scales 2, nightstalker 2, powered by pain 1
a: Heroism, Renounce Religion


You were on level 6 of the Dungeon.
You worshipped Okawaru.
Okawaru was greatly pleased with you.
You were not hungry.

You visited 2 branches of the dungeon, and saw 7 of its levels.

You collected 398 gold pieces.

Inventory:

Hand Weapons
 f - a +4 hand axe of chopping (weapon)
Armour
 a - a +0 ring mail (worn)
 o - a +0 chain mail
 t - a +0 scale mail
 D - a +1 pair of boots (worn)
Jewellery
 c - an amulet of faith (around neck)
 s - an uncursed amulet of warding
 v - a ring of see invisible (left hand)
 y - an uncursed amulet of regeneration
Wands
 p - a wand of slowing (16)
 G - a wand of cold (3)
Scrolls
 d - 2 scrolls of amnesia {unknown}
 e - 3 scrolls of random uselessness {unknown}
 g - 2 scrolls of noise {unknown}
 h - 2 scrolls of teleportation {unknown}
 l - 2 scrolls of remove curse {unknown}
 m - a scroll of identify
 u - a scroll of magic mapping {unknown}
 w - a scroll of recharging {unknown}
 A - a scroll of fear {unknown}
 E - a scroll of brand weapon {unknown}
Potions
 i - a potion of cure mutation {unknown}
 k - 2 potions of brilliance
 r - 2 potions of curing
 x - 2 potions of flight {unknown}
 z - 3 potions of mutation {unknown}
 B - 2 potions of invisibility {unknown}
 C - a potion of poison {unknown}
 F - 2 potions of degeneration {unknown}
Comestibles
 b - 3 bread rations
 j - 2 meat rations
 n - 2 slices of pizza
 q - a beef jerky
 H - 3 chunks of flesh
 I - a royal jelly


   Skills:
 - Level 3.0 Fighting
 * Level 7.1 Axes
 + Level 4.5 Armour
 - Level 3.0 Dodging
 + Level 2.3 Stealth
 - Level 3.6 Unarmed Combat
 - Level 2.0 Invocations


You had 7 spell levels left.
You didn't know any spells.

Dungeon Overview and Level Annotations

Branches:
Dungeon (6/15)             Temple (1/1) D:4

Altars:
Fedhas
Okawaru
Qazlal
Sif Muna
Trog


Innate Abilities, Weirdness & Mutations

You have sharp toenails.
You are mostly covered in molten scales (AC +3, EV -1).
You are significantly more attuned to the shadows.
You sometimes gain a little power by taking damage.


Message History

* * * LOW HITPOINT WARNING * * *
You are too injured to fight recklessly!
You closely miss the ogre.
The ogre is heavily wounded.
The ogre barely misses you.
Drink which item? (? for menu, Esc to quit)
It was a potion of brilliance.
You feel clever all of a sudden. The ogre closely misses you.
You hit the ogre.
The ogre is severely wounded.
You hit the quokka.
The quokka is severely wounded.
The quokka bites you but does no damage.
You hit the ogre.
The ogre is almost dead.
You hit the quokka.
You kill the quokka!
The ogre hits you with a giant club!!
You die...

###+####.(#
#.....##..#
#.....##..#
#)._..##..#
#.....##..# .
#.....##..# ..###
###'###...#
.....####..####.##
#O@..))......#
##############


You could see an ogre.

Vanquished Creatures
  The ghost of barb4r1an the Cudgeler, an amateur MiGl (D:4)
  The ghost of Sl000nik the Shield-Bearer, an amateur GrFi (D:3)
  An orc warrior (D:6)
  An ice beast (D:5)
  An ogre (D:4)
  Blork the orc (D:6)
  2 crimson imps
  2 hounds (D:6)
  3 orc priests
  4 orc wizards
  Jessica (D:2)
  2 adders
  4 gnolls (D:5)
  4 oozes (D:1)
  An adder skeleton (D:4)
  A worm (D:5)
  2 giant geckos
  13 orcs
  3 ball pythons
  9 bats
  7 giant cockroaches
  9 goblins
  13 hobgoblins
  3 jackals (D:6)
  5 kobolds
  3 quokkas
  2 giant newts
  A quokka skeleton (D:4)
  6 rats
106 creatures vanquished.

Notes
Turn   | Place    | Note
--------------------------------------------------------------
     0 | D:1      | sveltemanboy the Demonspawn Monk began the quest for the Orb.
     0 | D:1      | Reached XP level 1. HP: 18/18 MP: 1/1
   286 | D:1      | Reached skill level 1 in Axes
   304 | D:1      | Gained mutation: You are partially covered in molten scales (AC +1). [demonic ancestry]
   304 | D:1      | Reached XP level 2. HP: 24/24 MP: 2/2
   573 | D:1      | Reached skill level 1 in Armour
   573 | D:1      | Gained mutation: You have sharp toenails. [demonic ancestry]
   573 | D:1      | Reached XP level 3. HP: 29/29 MP: 3/3
  1592 | D:2      | Noticed Jessica
  1599 | D:2      | Killed Jessica
  1599 | D:2      | Gained mutation: You are mostly covered in molten scales (AC +3, EV -1). [demonic ancestry]
  1599 | D:2      | Reached XP level 4. HP: 28/35 MP: 4/4
  2029 | D:2      | Found an iron altar of Okawaru.
  2034 | D:2      | Became a worshipper of Warmaster Okawaru
  2034 | D:2      | Reached * piety under Okawaru
  2034 | D:2      | Reached ** piety under Okawaru
  2149 | D:3      | Reached skill level 1 in Invocations
  2154 | D:3      | Found a faded altar to an unknown god.
  2236 | D:3      | Noticed Sl000nik's ghost (amateur GrFi)
  2267 | D:3      | Gained mutation: You sometimes gain a little power by taking damage. [demonic ancestry]
  2267 | D:3      | Reached XP level 5. HP: 41/41 MP: 6/6
  2805 | D:3      | Killed Sl000nik's ghost
  2805 | D:3      | Reached *** piety under Okawaru
  2805 | D:3      | Reached skill level 4 in Axes
  2805 | D:3      | Gained mutation: You are slightly more attuned to the shadows. [demonic ancestry]
  2805 | D:3      | Reached XP level 6. HP: 20/47 MP: 4/7
  2972 | D:3      | Found a stormy altar of Qazlal.
  3298 | D:4      | Reached skill level 5 in Axes
  3568 | D:4      | Found a staircase to the Ecumenical Temple.
  3579 | Temple   | Entered the Ecumenical Temple
  3641 | D:4      | Gained mutation: You are significantly more attuned to the shadows. [demonic ancestry]
  3641 | D:4      | Reached XP level 7. HP: 45/52 MP: 8/8
  3727 | D:4      | Noticed barb4r1an's ghost (amateur MiGl)
  3754 | D:4      | Killed barb4r1an's ghost
  3754 | D:4      | Reached **** piety under Okawaru
  3754 | D:4      | Reached skill level 6 in Axes
  3954 | D:5      | Entered Level 5 of the Dungeon
  4733 | D:6      | Reached XP level 8. HP: 55/58 MP: 9/9
  4873 | D:6      | Noticed Blork the orc
  4885 | D:6      | Killed Blork the orc
  4977 | D:6      | Found a bloodstained altar of Trog.
  4994 | D:6      | Reached skill level 7 in Axes
  5059 | D:6      | Demolished by an ogre

Action                   |  1- 3 |  4- 6 |  7- 9 || total
-------------------------+-------+-------+-------++-------
Melee: Hand axe          |    89 |   105 |   131 ||   325
Invok: Heroism           |       |     1 |     1 ||     2
Evoke: Wand              |       |     1 |     5 ||     6
  Use: Potion            |       |     1 |     3 ||     4
       Scroll            |       |     4 |       ||     4
 Stab: Sleeping          |     5 |     4 |     4 ||    13
       Distracted        |     1 |       |       ||     1
  Eat: Chunk             |     2 |     7 |     6 ||    15
